[Event "Titled Tuesday Blitz June 13 Early 2023"]
[White "Winslow, Elliott"]
[Black "Musovic, Armin"]
[WhiteFideId "2002523"]
[BlackFideId "939935"]
[WhiteElo "2045"]
[BlackElo "2322"]
[Result "0-1"]
[Round "4"]
[TimeControl "180+2"]
[Date "2023.06.13"]
[WhiteClock "0:00:34"]
[BlackClock "0:01:36"]
[Board "202"]

1. d4 d5 2. c4 c5 3. Nf3 Nf6 4. cxd5 cxd4 5. Qxd4 Qxd5 6. Nc3 Qxd4 7. Nxd4 a6 8. g3 e5 9. Nb3 Nc6 10. Bg2 Be6 11. Bg5 O-O-O 12. O-O Bxb3 13. axb3 Nd4 14. Bxf6 gxf6 15. Rad1 Bg7 16. Nd5 Nxb3 17. Rd3 Nd4 18. Rc1+ Kb8 19. Kf1 Rc8 20. Rcd1 Rc2 21. e3 Ne6 22. Rb3 Nc5 23. Rb6 Rd8 24. Rb1 Ka7 25. Rb4 e4 26. Nf4 f5 27. Bh3 Rdd2 28. Bxf5 Rxf2+ 29. Kg1 Nd3 30. Rxe4 Nxf4 31. exf4 Rg2+ 32. Kf1 Rxh2 33. Kg1 Rcg2+ 34. Kf1 Rxg3 35. Re7 Bd4 0-1


[Site "https://www.chess.com"]

[Event "Titled Tuesday Blitz June 13 Early 2023"]
[White "Seletsky, Grigory"]
[Black "Chakravarthi Reddy, M"]
[WhiteFideId "14112191"]
[BlackFideId "25009532"]
[WhiteElo "2491"]
[BlackElo "2201"]
[Result "0-1"]
[Round "4"]
[TimeControl "180+2"]
[Date "2023.06.13"]
[WhiteClock "0:01:25"]
[BlackClock "0:00:46"]
[Board "203"]

1. e4 e5 2. Nf3 Nc6 3. Bc4 Nf6 4. d3 Bc5 5. Nc3 a6 6. Be3 Bxe3 7. fxe3 O-O 8. O-O d6 9. Qe1 Be6 10. Bb3 d5 11. Ng5 Re8 12. Nxe6 fxe6 13. exd5 exd5 14. Rxf6 gxf6 15. Nxd5 Kh8 16. Qh4 f5 17. Qh6 Rf8 18. a3 Qd6 19. Qh4 Rae8 20. Rf1 Ne7 21. Nc3 c6 22. Rf3 Ng6 23. Qh6 Qe7 24. Rh3 Qg7 25. Qh5 e4 26. dxe4 f4 27. Qe2 fxe3 28. Qxe3 Qf6 29. Rg3 Qf1# 0-1


[Site "https://www.chess.com"]

[Event "Titled Tuesday Blitz June 13 Early 2023"]
[White "Clawitter, Craig"]
[Black "Omariev, Maksim"]
[WhiteFideId "2023105"]
[BlackFideId "4193423"]
[WhiteElo "2235"]
[BlackElo "2402"]
[Result "1-0"]
[Round "4"]
[TimeControl "180+2"]
[Date "2023.06.13"]
[WhiteClock "0:00:08"]
[BlackClock "0:00:01"]
[Board "204"]

1. e4 c5 2. Nf3 d6 3. d4 cxd4 4. Nxd4 Nf6 5. Nc3 a6 6. Be3 Ng4 7. Bg5 h6 8. Bh4 g5 9. Bg3 Bg7 10. h3 Ne5 11. Nf5 Bxf5 12. exf5 Nbc6 13. Nd5 Qa5+ 14. c3 Rc8 15. Be2 O-O 16. O-O e6 17. Ne3 d5 18. h4 Rcd8 19. fxe6 fxe6 20. Ng4 d4 21. Qb3 Qd5 22. Nxe5 Qxb3 23. axb3 Nxe5 24. hxg5 d3 25. Bh5 hxg5 26. Rfe1 Rd5 27. c4 Rc5 28. b4 Rxc4 29. Bxe5 Rxb4 30. Bxg7 Kxg7 31. Rxe6 Rxb2 32. Rg6+ Kh7 33. Rxg5 Rfxf2 34. Re1 d2 35. Re6 Rf1+ 36. Kxf1 Rb1+ 37. Kf2 d1=Q 38. Bxd1 Rxd1 39. Re7+ Kh6 40. Rge5 Rd2+ 41. Kg3 Rd3+ 42. Re3 Rd4 43. Rxb7 a5 44. Ra7 a4 45. Re5 Rd3+ 46. Kh2 a3 47. Rea5 a2 48. Rxa2 Kh5 49. R2a6 Kg4 50. Ra5 Rd1 51. Ra4+ Kg5 52. R7a5+ Kf6 53. Rb4 Ke7 54. Rb6 Kd7 55. Ra7+ Kc8 56. Rbb7 Rd8 57. Rh7 Rg8 58. Ra8# 1-0


[Site "https://www.chess.com"]

[Event "Titled Tuesday Blitz June 13 Early 2023"]
[White "Mishra, Manoj"]
[Black "Ramirez Vido, Robert Yorisan"]
[WhiteFideId "5006007"]
[BlackFideId "3513823"]
[WhiteElo "1847"]
[BlackElo "2386"]
[Result "0-1"]
[Round "4"]
[TimeControl "180+2"]
[Date "2023.06.13"]
[WhiteClock "0:00:04"]
[BlackClock "0:00:08"]
[Board "205"]

1. d4 g6 2. h4 Nf6 3. Nc3 Bg7 4. e4 d6 5. Be2 c5 6. dxc5 Qa5 7. Bd2 Qxc5 8. Nf3 Nc6 9. Be3 Qb4 10. O-O Nxe4 11. Nd5 Qa5 12. c3 O-O 13. b4 Qd8 14. b5 Ne5 15. Bd3 Nxc3 16. Nxc3 Nxf3+ 17. Qxf3 Bxc3 18. Rac1 Bg7 19. h5 d5 20. hxg6 hxg6 21. Rfd1 e5 22. Bc5 Re8 23. Bb1 Be6 24. a4 b6 25. Ba3 Rc8 26. Rxc8 Qxc8 27. Ba2 d4 28. Bxe6 Qxe6 29. Qb7 Qb3 30. Ra1 e4 31. Qc6 Re6 32. Qc8+ Kh7 33. Bf8 e3 34. Bxg7 exf2+ 35. Kh1 Kxg7 36. Rf1 Qg3 37. Qc2 Qh4# 0-1


[Site "https://www.chess.com"]

[Event "Titled Tuesday Blitz June 13 Early 2023"]
[White "Tinmaz, Kerem"]
[Black "Kiseleva, Arina"]
[WhiteFideId "44559151"]
[BlackFideId "4164989"]
[WhiteElo "2153"]
[BlackElo "1701"]
[Result "1-0"]
[Round "4"]
[TimeControl "180+2"]
[Date "2023.06.13"]
[WhiteClock "0:00:06"]
[BlackClock "0:00:15"]
[Board "206"]

1. e4 c6 2. Nf3 d5 3. d3 Nd7 4. Nc3 dxe4 5. dxe4 e5 6. Bc4 Bc5 7. O-O Ngf6 8. Qe2 h6 9. Be3 Bxe3 10. Qxe3 O-O 11. Rad1 Qe7 12. Nh4 Nb6 13. Bb3 c5 14. Ng6 Qe8 15. Nxf8 c4 16. Ba4 Nxa4 17. Nxa4 Qxa4 18. Rd8 Ne8 19. Qc5 b6 20. Qe7 Bb7 21. Nd7 Rxd8 22. Qxd8 Kh7 23. Qxe8 Qxc2 24. Qxf7 Qxe4 25. Nf6+ Kh8 26. Qg8# 1-0


[Site "https://www.chess.com"]

[Event "Titled Tuesday Blitz June 13 Early 2023"]
[White "Dishman, Stephen"]
[Black "Vidruska, Renate"]
[WhiteFideId "403024"]
[BlackFideId "11601841"]
[WhiteElo "2204"]
[BlackElo "1976"]
[Result "1/2-1/2"]
[Round "4"]
[TimeControl "180+2"]
[Date "2023.06.13"]
[WhiteClock "0:00:56"]
[BlackClock "0:01:11"]
[Board "207"]

1. c4 e6 2. g3 d5 3. Nf3 Nf6 4. d4 dxc4 5. Bg2 Be7 6. O-O O-O 7. Qa4 a6 8. Qxc4 b5 9. Qc2 Bb7 10. Bf4 Bd6 11. Nc3 Bxf4 12. gxf4 Nbd7 13. Rfd1 Qe7 14. Ne5 Bxg2 15. Kxg2 c5 16. e3 cxd4 17. Rxd4 Nxe5 18. fxe5 Nd7 19. f4 Rac8 20. Rad1 Nxe5 21. fxe5 b4 22. Qf2 bxc3 23. bxc3 Rxc3 24. Qg3 Rc2+ 25. R1d2 Rxd2+ 26. Rxd2 h6 27. h4 Qb4 28. Rf2 Rd8 29. Qf4 Qxf4 30. exf4 Rd3 31. h5 g6 32. hxg6 fxg6 33. Rb2 a5 34. Rb6 Rd2+ 35. Kg3 Rxa2 36. Rxe6 Kg7 37. Re7+ Kf8 38. Ra7 Ra3+ 39. Kg4 Ra4 40. Ra8+ Kf7 41. Ra7+ Kf8 42. Ra8+ Kf7 43. Ra7+ Kf8 1/2-1/2


[Site "https://www.chess.com"]

[Event "Titled Tuesday Blitz June 13 Early 2023"]
[White "Hoffmann, Asa"]
[Black "Mirzanurov, Bulat"]
[WhiteFideId "2001470"]
[BlackFideId "4184521"]
[WhiteElo "2117"]
[BlackElo "2005"]
[Result "1-0"]
[Round "4"]
[TimeControl "180+2"]
[Date "2023.06.13"]
[WhiteClock "0:02:07"]
[BlackClock "0:00:10"]
[Board "208"]

1. d4 Nf6 2. Bg5 Ne4 3. Bf4 d5 4. f3 Nf6 5. e4 dxe4 6. Nc3 exf3 7. Nxf3 Bg4 8. h3 Bxf3 9. Qxf3 Nc6 10. Bb5 e6 11. Bxc6+ bxc6 12. Qxc6+ Nd7 13. d5 e5 14. Bxe5 f6 15. Bxc7 Qc8 16. O-O-O Be7 17. Rhe1 O-O 18. Rxe7 Ne5 19. Bxe5 Qxc6 20. dxc6 fxe5 21. Rdd7 Rf1+ 22. Kd2 Rf2+ 23. Ke3 Rxg2 24. c7 Rg3+ 25. Ke4 Rxh3 26. Rd8+ Rxd8 27. cxd8=R# 1-0


[Site "https://www.chess.com"]

[Event "Titled Tuesday Blitz June 13 Early 2023"]
[White "De Souza, Cristiano Gomes"]
[Black "Sovetbekova, Nurai"]
[WhiteFideId "2151758"]
[BlackFideId "13801910"]
[WhiteElo "2068"]
[BlackElo "1857"]
[Result "0-1"]
[Round "4"]
[TimeControl "180+2"]
[Date "2023.06.13"]
[WhiteClock "0:00:00"]
[BlackClock "0:00:11"]
[Board "209"]

1. d4 Nf6 2. c4 e6 3. Nf3 d5 4. Nc3 dxc4 5. Bg5 c5 6. e4 cxd4 7. Nxd4 Be7 8. Bxc4 O-O 9. Be3 Bd7 10. O-O Nc6 11. Nxc6 Bxc6 12. f3 Nd7 13. Qe2 Rc8 14. Rac1 Bf6 15. Rfd1 Qa5 16. a3 Rfd8 17. Qf2 a6 18. Ba2 Qh5 19. g3 Ne5 20. Rxd8+ Rxd8 21. Rf1 Nd3 22. Qc2 Ne5 23. Qe2 h6 24. Kg2 Rd3 25. Rd1 Rxc3 26. bxc3 Bxe4 27. Rf1 Bd3 28. Qd2 Bxf1+ 29. Kxf1 Qxf3+ 30. Qf2 Qd1+ 31. Kg2 Ng4 32. Qf3 Qc2+ 33. Kh3 Nxe3 34. Qxe3 Qxa2 35. Qc5 Qd5 36. Qc8+ Kh7 37. c4 Qf5+ 38. Kg2 Qe4+ 39. Kh3 h5 40. c5 Be7 41. Qd7 Bxc5 42. Qxf7 Qf5+ 0-1


[Site "https://www.chess.com"]

[Event "Titled Tuesday Blitz June 13 Early 2023"]
[White "FREDERICKtheMATE"]
[Black "Luxama, Jacques Muller"]
[BlackFideId "11900113"]
[WhiteElo "2347"]
[BlackElo "1931"]
[Result "1-0"]
[Round "4"]
[TimeControl "180+2"]
[Date "2023.06.13"]
[WhiteClock "0:01:44"]
[BlackClock "0:00:00"]
[Board "210"]

1. Nf3 Nf6 2. g3 g6 3. Bg2 Bg7 4. O-O O-O 5. d4 d5 6. c4 c6 7. b3 Bf5 8. Bb2 a5 9. Nbd2 Ne4 10. Nh4 Nxd2 11. Qxd2 Be6 12. c5 Nd7 13. a3 b6 14. b4 bxc5 15. bxc5 Rb8 16. Bc3 a4 17. Rab1 Qc8 18. Rb4 Qa6 19. Rfb1 Rxb4 20. Rxb4 Rb8 21. Bf1 Rxb4 22. Bxb4 Qc4 23. e3 Qb3 24. Bd3 Nf6 25. Bc2 Qc4 26. Bxa4 Bh3 27. Qd1 Ne4 28. Bb3 Qa6 29. f3 Nf6 30. Bc2 e6 31. Qd3 g5 32. Qxa6 1-0


[Site "https://www.chess.com"]

[Event "Titled Tuesday Blitz June 13 Early 2023"]
[White "Palacio,Igor Da Paz"]
[Black "Shapiro, Daniel"]
[WhiteFideId "2121140"]
[BlackFideId "2001780"]
[WhiteElo "2126"]
[BlackElo "2336"]
[Result "0-1"]
[Round "4"]
[TimeControl "180+2"]
[Date "2023.06.13"]
[WhiteClock "0:00:00"]
[BlackClock "0:00:27"]
[Board "211"]

1. e4 c5 2. Nc3 a6 3. g3 b5 4. Bg2 Bb7 5. d3 e6 6. f4 d5 7. Nf3 b4 8. Ne2 dxe4 9. Ng5 Nf6 10. O-O Qb6 11. Nxe4 Nxe4 12. dxe4 c4+ 13. Kh1 Bc5 14. c3 a5 15. Nd4 O-O 16. Be3 Rd8 17. Qe2 Ba6 18. Rad1 Ra7 19. Rd2 a4 20. Nc2 Rad7 21. Bxc5 Rxd2 22. Qxd2 Rxd2 23. Bxb6 Rxc2 24. cxb4 c3 25. Rd1 Rd2 26. Rxd2 cxd2 27. Bf3 Nc6 28. Bc5 Bc4 29. Kg2 Bxa2 30. Kf2 Bb3 31. Ke3 d1=Q 32. Bxd1 Bxd1 0-1


[Site "https://www.chess.com"]

[Event "Titled Tuesday Blitz June 13 Early 2023"]
[White "Kornyukov, Alexey"]
[Black "Bintang, Rasyid A. Hidayat"]
[WhiteFideId "4150457"]
[BlackFideId "7105355"]
[WhiteElo "2352"]
[BlackElo "2332"]
[Result "0-1"]
[Round "4"]
[TimeControl "180+2"]
[Date "2023.06.13"]
[WhiteClock "0:00:03"]
[BlackClock "0:01:24"]
[Board "212"]

1. d4 Nf6 2. c4 g6 3. f3 d5 4. cxd5 Nxd5 5. e4 Nb6 6. Nc3 Bg7 7. Be3 O-O 8. Qd2 e5 9. d5 c6 10. h4 cxd5 11. exd5 N8d7 12. h5 Re8 13. hxg6 hxg6 14. O-O-O Nf6 15. Bh6 Bh8 16. g4 e4 17. Bg5 Bg7 18. d6 Be6 19. Kb1 Rc8 20. Nxe4 Nxe4 21. fxe4 Qd7 22. Qf4 Bxa2+ 23. Kxa2 Qa4+ 24. Kb1 Qxd1+ 25. Ka2 Qa4+ 26. Kb1 Qc2+ 27. Ka2 Rxe4 28. d7 Nxd7 29. Bd3 Qa4+ 30. Kb1 Rxf4 31. Bxf4 Qxf4 32. Ne2 Qd2 33. Rd1 Qxd1+ 34. Nc1 Qxc1+ 35. Ka2 Qxb2# 0-1


[Site "https://www.chess.com"]

[Event "Titled Tuesday Blitz June 13 Early 2023"]
[White "Kiseljova, Marya"]
[Black "Georg, Heinz"]
[WhiteFideId "4155009"]
[BlackFideId "4607295"]
[WhiteElo "1831"]
[BlackElo "2330"]
[Result "1-0"]
[Round "4"]
[TimeControl "180+2"]
[Date "2023.06.13"]
[WhiteClock "0:00:17"]
[BlackClock "0:00:00"]
[Board "213"]

1. d4 f5 2. c4 Nf6 3. Nc3 d6 4. Nf3 g6 5. g3 Bg7 6. Bg2 O-O 7. O-O Qe8 8. Qc2 e5 9. dxe5 dxe5 10. e4 f4 11. Nd5 Na6 12. Re1 c6 13. Nc3 Nh5 14. Bd2 Bg4 15. gxf4 Nxf4 16. Bxf4 Rxf4 17. Nd2 Qe6 18. f3 Bh3 19. Ne2 Rf7 20. b3 Bh6 21. Nf1 Bxg2 22. Kxg2 Raf8 23. Ng1 Qf6 24. Qf2 b6 25. Ne3 Bf4 26. Ng4 Qe7 27. Rad1 h5 28. Ne3 Qg5+ 29. Kh1 Nc5 30. Nf1 Ne6 31. Qg2 Qh6 32. Rd6 Rf6 33. Red1 Nd4 34. Rxf6 Rxf6 35. Qh3 Qg7 36. Ng3 Qe7 37. N3e2 c5 38. Nxf4 Rxf4 39. Qc8+ Kg7 40. Kg2 Qg5+ 41. Kf2 Qh4+ 42. Ke3 Qxh2 43. Qc7+ Kh6 44. Qxe5 Nc2+ 45. Kd3 Nb4+ 46. Ke3 Qg3 47. Qxf4+ Qxf4+ 48. Kxf4 g5+ 49. Kf5 h4 50. Nh3 Kh5 51. Nxg5 1-0


[Site "https://www.chess.com"]

[Event "Titled Tuesday Blitz June 13 Early 2023"]
[White "Gertler, David"]
[Black "Winkels, Marcel"]
[WhiteFideId "2017377"]
[BlackFideId "1003887"]
[WhiteElo "2326"]
[BlackElo "1900"]
[Result "1-0"]
[Round "4"]
[TimeControl "180+2"]
[Date "2023.06.13"]
[WhiteClock "0:01:14"]
[BlackClock "0:00:39"]
[Board "214"]

1. e4 Nf6 2. Nc3 d5 3. e5 d4 4. exf6 dxc3 5. fxg7 cxd2+ 6. Bxd2 Bxg7 7. Qf3 Nc6 8. Bc4 Ne5 9. Qg3 O-O 10. O-O-O Ng6 11. Bc3 Bd7 12. Bxg7 Kxg7 13. h4 h5 14. Nf3 e6 15. Ne5 Qe7 16. Rxd7 Qc5 17. Qxg6+ 1-0


[Site "https://www.chess.com"]

[Event "Titled Tuesday Blitz June 13 Early 2023"]
[White "MunichMouse"]
[Black "Hartikainen, Jarmo"]
[BlackFideId "503134"]
[WhiteElo "2313"]
[BlackElo "2125"]
[Result "1/2-1/2"]
[Round "4"]
[TimeControl "180+2"]
[Date "2023.06.13"]
[WhiteClock "0:00:10"]
[BlackClock "0:00:40"]
[Board "215"]

1. d4 Nf6 2. c4 g6 3. g3 Bg7 4. Bg2 O-O 5. e4 d6 6. Ne2 Nc6 7. Nbc3 a6 8. O-O Rb8 9. a4 e5 10. d5 Na5 11. b3 c6 12. h3 cxd5 13. cxd5 b5 14. axb5 axb5 15. Be3 Bd7 16. Na2 b4 17. Bd2 Bb5 18. Re1 Bd3 19. Nxb4 Bxe4 20. Rxa5 Qxa5 21. Nc6 Qb6 22. Nxb8 Bxg2 23. Kxg2 Rxb8 24. Nc3 Qxb3 25. Qxb3 Rxb3 26. Ra1 h6 27. Ra8+ Kh7 28. Ra7 Kg8 29. Ra8+ Kh7 30. Ra7 Kg8 31. Ra8+ 1/2-1/2


[Site "https://www.chess.com"]

[Event "Titled Tuesday Blitz June 13 Early 2023"]
[White "Samarth J Rao"]
[Black "Rodriguez Santiago, Jaime"]
[WhiteFideId "46652370"]
[BlackFideId "3100898"]
[WhiteElo "1564"]
[BlackElo "2025"]
[Result "1-0"]
[Round "4"]
[TimeControl "180+2"]
[Date "2023.06.13"]
[WhiteClock "0:00:29"]
[BlackClock "0:00:00"]
[Board "216"]

1. Nf3 Nf6 2. c4 e6 3. e3 d5 4. b3 c5 5. Bb2 Nc6 6. cxd5 exd5 7. Bb5 Be7 8. O-O O-O 9. d4 Bg4 10. dxc5 Bxc5 11. Be2 Re8 12. Nc3 Qd7 13. Rc1 Bb6 14. Na4 Ne4 15. Re1 Qe6 16. Nxb6 axb6 17. Nd4 Bxe2 18. Rxe2 Nxd4 19. Qxd4 Qg6 20. a4 Nc5 21. Qc3 d4 22. Qc4 d3 23. Rd2 Rad8 24. Bd4 Ne4 25. Rxd3 Nd6 26. Qc2 Nf5 27. Rdd1 h5 28. Ba1 h4 29. Rxd8 Rxd8 30. Rd1 Re8 31. Rd5 h3 32. g3 Nxg3 33. Qxg6 Ne2+ 34. Kf1 fxg6 35. Kxe2 Rc8 36. Kd2 Rf8 37. f4 Rc8 38. Bd4 1-0


[Site "https://www.chess.com"]

[Event "Titled Tuesday Blitz June 13 Early 2023"]
[White "babbilator"]
[Black "Baker, Chris W"]
[BlackFideId "401676"]
[WhiteElo "2306"]
[BlackElo "2114"]
[Result "0-1"]
[Round "4"]
[TimeControl "180+2"]
[Date "2023.06.13"]
[WhiteClock "0:00:40"]
[BlackClock "0:01:09"]
[Board "217"]

1. e4 e5 2. Nc3 Nf6 3. Nf3 Nc6 4. Bb5 Nd4 5. Ba4 Nxf3+ 6. Qxf3 c6 7. Qg3 d6 8. d3 g6 9. O-O Bg7 10. Bb3 O-O 11. Qh4 Nh5 12. Bg5 Bf6 13. Bxf6 Qxf6 14. Qxf6 Nxf6 15. f4 exf4 16. Rxf4 Nh5 17. Rf2 Be6 18. Raf1 Bxb3 19. axb3 Ng7 20. Nd1 Ne6 21. Ne3 Kg7 22. h4 h5 23. Kh2 a5 24. g4 hxg4 25. Nxg4 a4 26. bxa4 Rxa4 27. Nf6 Nd8 28. Ne8+ Rxe8 0-1


[Site "https://www.chess.com"]

[Event "Titled Tuesday Blitz June 13 Early 2023"]
[White "Jiganchine, Roman"]
[Black "Lakshmi C"]
[WhiteFideId "2603667"]
[BlackFideId "25035347"]
[WhiteElo "2297"]
[BlackElo "1942"]
[Result "1-0"]
[Round "4"]
[TimeControl "180+2"]
[Date "2023.06.13"]
[WhiteClock "0:00:26"]
[BlackClock "0:00:01"]
[Board "218"]

1. e4 g6 2. d4 Bg7 3. Be3 d6 4. Nf3 Nd7 5. Nc3 e5 6. dxe5 Nxe5 7. Nxe5 Bxe5 8. Qd2 Bg7 9. h4 h5 10. Bc4 Nf6 11. f3 O-O 12. O-O-O Qe8 13. Bh6 a6 14. Bxg7 Kxg7 15. g4 hxg4 16. h5 Rh8 17. h6+ Kh7 18. Qg5 Qe5 19. f4 Qxg5 20. fxg5 Nh5 21. Bxf7 Rf8 22. Bb3 g3 23. Nd5 Bg4 24. Rxh5 Bxh5 25. Nf6+ Kh8 26. Rg1 Rxf6 27. gxf6 Rf8 28. f7 g5 29. Rxg3 Bxf7 30. Rxg5 Bxb3 31. axb3 Rf1+ 32. Kd2 Rf2+ 33. Kd3 Rh2 34. Rg7 Rh1 1-0


[Site "https://www.chess.com"]

[Event "Titled Tuesday Blitz June 13 Early 2023"]
[White "Bolanos, Fernando"]
[Black "Philippe, Guillaume"]
[WhiteFideId "3304094"]
[BlackFideId "36048763"]
[WhiteElo "2097"]
[BlackElo "2387"]
[Result "0-1"]
[Round "4"]
[TimeControl "180+2"]
[Date "2023.06.13"]
[WhiteClock "0:00:02"]
[BlackClock "0:00:08"]
[Board "219"]

1. e4 c5 2. Nf3 Nc6 3. d4 cxd4 4. Nxd4 Nf6 5. Nc3 e5 6. Ndb5 d6 7. Nd5 Nxd5 8. exd5 Ne7 9. c4 Ng6 10. Be3 Be7 11. g3 f5 12. h4 h5 13. Be2 Kf7 14. Bxh5 a6 15. Nc3 Bf6 16. Qf3 Bd7 17. O-O-O b5 18. c5 dxc5 19. Bxc5 Rc8 20. b4 a5 21. a3 axb4 22. axb4 e4 23. Bxg6+ Kxg6 24. Qe3 Ra8 25. h5+ Kf7 26. Kb2 Qc7 27. h6 g6 28. Ra1 Qe5 29. Rhd1 g5 30. Bd4 Qd6 31. Bxf6 Qxf6 32. Ra7 Rxa7 33. Qxa7 Rd8 34. h7 Kg7 35. Qc7 Kh8 36. Rh1 Rc8 37. Qxc8+ Bxc8 38. Kb3 Bb7 39. Rd1 Qd6 40. Nxb5 Bxd5+ 41. Ka4 Qa6# 0-1


[Site "https://www.chess.com"]

[Event "Titled Tuesday Blitz June 13 Early 2023"]
[White "Maluco_do_Natal_00"]
[Black "Gonzalez Vega, Alejandro"]
[BlackFideId "3510042"]
[WhiteElo "2077"]
[BlackElo "2288"]
[Result "0-1"]
[Round "4"]
[TimeControl "180+2"]
[Date "2023.06.13"]
[WhiteClock "0:00:00"]
[BlackClock "0:00:55"]
[Board "220"]

1. e4 c5 2. Nf3 a6 3. d4 cxd4 4. Nxd4 Nf6 5. Nc3 e5 6. Nb3 d6 7. Be3 Be6 8. Qd2 Be7 9. f3 Nbd7 10. O-O-O Qc7 11. g4 Rc8 12. g5 Nh5 13. Kb1 O-O 14. Nd5 Bxd5 15. exd5 Nf4 16. c4 Bxg5 17. Rg1 Bh6 18. Nd4 exd4 19. Bxf4 Bxf4 20. Qxf4 Ne5 21. Qf6 g6 22. h4 Qd8 23. Qxd8 Rfxd8 24. h5 Nxf3 25. Rg3 Ne5 26. Rxd4 Kg7 27. hxg6 hxg6 28. b3 Rh8 29. Bh3 Rce8 30. Kb2 Rh5 31. Ka3 b6 32. Bg4 Rg5 33. Rg1 f5 0-1


[Site "https://www.chess.com"]

[Event "Titled Tuesday Blitz June 13 Early 2023"]
[White "Torres Dominguez, David"]
[Black "Samaganova, Aleksandra"]
[WhiteFideId "2220857"]
[BlackFideId "13800221"]
[WhiteElo "1999"]
[BlackElo "1858"]
[Result "0-1"]
[Round "4"]
[TimeControl "180+2"]
[Date "2023.06.13"]
[WhiteClock "0:00:00"]
[BlackClock "0:00:02"]
[Board "221"]

1. e4 c5 2. Nc3 e6 3. Nf3 a6 4. d4 cxd4 5. Nxd4 b5 6. a3 Bb7 7. Bd3 Qc7 8. Qe2 d6 9. O-O Nf6 10. Bg5 Be7 11. Bh4 Nbd7 12. Rae1 O-O 13. f4 Rfe8 14. e5 Nd5 15. exd6 Bxd6 16. Ne4 Bxf4 17. h3 Be5 18. Nf3 Bxb2 19. Nfg5 f5 20. Nd2 Bd4+ 21. Kh1 Nf4 22. Rxf4 Qxf4 23. Ndf3 Bc3 24. Nxe6 Qh6 25. Bg5 Qg6 26. Nh4 Qf7 27. Bxf5 Bxe1 28. Qxe1 g6 29. Bg4 h5 30. Nxg6 Qxg6 31. Qc3 hxg4 32. Nf4 Qf7 0-1


[Site "https://www.chess.com"]

[Event "Titled Tuesday Blitz June 13 Early 2023"]
[White "Antonio, Jorge Carlos"]
[Black "Slayyy_200"]
[WhiteFideId "113190"]
[WhiteElo "2247"]
[BlackElo "2051"]
[Result "1-0"]
[Round "4"]
[TimeControl "180+2"]
[Date "2023.06.13"]
[WhiteClock "0:00:43"]
[BlackClock "0:00:30"]
[Board "222"]

1. d4 Nf6 2. Nf3 b6 3. c4 e6 4. Nc3 Bb7 5. g3 Be7 6. Bg2 O-O 7. O-O Ne4 8. Qc2 Nxc3 9. Qxc3 f5 10. Bf4 d6 11. b4 Nd7 12. Qe3 Be4 13. Ng5 Bxg5 14. Bxg5 Nf6 15. Bxf6 Qxf6 16. Bxe4 fxe4 17. Qxe4 Rae8 18. a3 e5 19. d5 Qg5 20. h4 Qh6 21. Rac1 Rf6 22. c5 Ref8 23. cxd6 cxd6 24. f3 g5 25. hxg5 Qxg5 26. Kf2 Qd2 27. Rc7 Rxf3+ 28. Kg2 Rxg3+ 29. Kxg3 Qg5+ 30. Kh2 Qh5+ 31. Kg1 1-0


[Site "https://www.chess.com"]

[Event "Titled Tuesday Blitz June 13 Early 2023"]
[White "Vasques, Antonio Pedro Freixial"]
[Black "Necula, Iulian"]
[WhiteFideId "1908332"]
[BlackFideId "1232380"]
[WhiteElo "2212"]
[BlackElo "1790"]
[Result "1-0"]
[Round "4"]
[TimeControl "180+2"]
[Date "2023.06.13"]
[WhiteClock "0:00:17"]
[BlackClock "0:00:18"]
[Board "223"]

1. Nf3 d6 2. d4 f5 3. c4 Nf6 4. Nc3 g6 5. Bg5 Nbd7 6. d5 Bg7 7. Nd4 Nc5 8. Bxf6 Bxf6 9. e4 Nxe4 10. Nxe4 fxe4 11. Be2 O-O 12. Qd2 c5 13. Ne6 Bxe6 14. dxe6 Qb6 15. O-O-O Bd4 16. f3 e3 17. Qc2 Rf6 18. h4 Rxe6 19. h5 Rf8 20. hxg6 Rxg6 21. Bd3 Rg7 22. Rxh7 Rff7 23. Rdh1 Rxh7 24. Bxh7+ Kf8 25. Bg6 Rf6 26. Rh8+ Kg7 27. Rh7+ Kg8 28. Rxe7 Qb4 29. Be4 Qe1+ 30. Qd1 Bxb2+ 31. Kc2 Qc3+ 32. Kb1 Ba3 33. Rxb7 Qd2 34. Qxd2 exd2 35. Kc2 Bb4 36. a3 Rf7 37. Rxf7 Kxf7 38. axb4 cxb4 39. Kxd2 a5 40. Bc6 Kf6 41. Ke3 Ke5 42. f4+ Kf5 43. Bd7+ Kf6 44. Kd3 Ke7 45. Ba4 Ke6 46. g4 d5 47. cxd5+ Kxd5 48. Bb3+ Kc5 49. g5 Kb5 50. g6 a4 51. Bxa4+ Kxa4 52. g7 b3 53. Kc3 b2 54. Kxb2 1-0


[Site "https://www.chess.com"]

[Event "Titled Tuesday Blitz June 13 Early 2023"]
[White "Alexanian, Nelli"]
[Black "Liu, Kelsey"]
[WhiteFideId "4170539"]
[BlackFideId "30944481"]
[WhiteElo "2024"]
[BlackElo "2258"]
[Result "1-0"]
[Round "4"]
[TimeControl "180+2"]
[Date "2023.06.13"]
[WhiteClock "0:00:16"]
[BlackClock "0:00:04"]
[Board "224"]

1. d4 Nf6 2. c4 e6 3. Nf3 d5 4. Nc3 Be7 5. cxd5 exd5 6. Bg5 h6 7. Bf4 c6 8. e3 O-O 9. Bd3 a5 10. O-O Bg4 11. Qc2 Na6 12. Ne5 Nb4 13. Qd2 Nxd3 14. Qxd3 Be6 15. Rab1 Ne8 16. a3 Nd6 17. b4 Bf5 18. e4 Nxe4 19. Nxe4 Bxe4 20. Qg3 Bh4 21. Qg4 f5 22. Qh5 Bxb1 23. Bxh6 Qf6 24. Bf4 Rad8 25. Rxb1 g5 26. g3 gxf4 27. gxh4 axb4 28. Kh1 Rf7 29. Nxf7 Qxf7 30. Qg5+ Kf8 31. Qxd8+ Kg7 32. Rg1+ Kh6 33. Qh8+ Qh7 34. Qf6+ 1-0


[Site "https://www.chess.com"]

[Event "Titled Tuesday Blitz June 13 Early 2023"]
[White "Swiercz, Dariusz"]
[Black "Nakamura, Hikaru"]
[WhiteFideId "1126881"]
[BlackFideId "2016192"]
[WhiteElo "2620"]
[BlackElo "2874"]
[Result "1/2-1/2"]
[Round "5"]
[TimeControl "180+2"]
[Date "2023.06.13"]
[WhiteClock "0:00:05"]
[BlackClock "0:00:06"]
[Board "1"]

1. e4 c5 2. Nf3 Nc6 3. Bb5 Nf6 4. Bxc6 bxc6 5. e5 Nd5 6. O-O g6 7. c4 Nc7 8. d4 cxd4 9. Qxd4 Bg7 10. Qh4 h6 11. Nc3 Ne6 12. Re1 g5 13. Qh5 O-O 14. h4 f6 15. exf6 exf6 16. Be3 Ba6 17. Rad1 Bxc4 18. Qg4 Ba6 19. Qa4 Qc8 20. Nd4 Nxd4 21. Bxd4 d5 22. hxg5 hxg5 23. Re7 Rf7 24. Rde1 Bd3 25. R7e6 Qd7 26. Qxc6 Qxc6 27. Rxc6 Rd7 28. Bxf6 d4 29. Bxg7 Kxg7 30. Nb1 Rb8 31. b3 a5 32. Nd2 a4 33. Re5 axb3 34. axb3 Ra8 35. Rxg5+ Kf8 36. Rg3 Ra1+ 37. Kh2 Rh7+ 38. Rh3 Rxh3+ 39. Kxh3 Rd1 40. Nf3 Be4 41. Rf6+ Kg7 42. Rf4 Bxf3 43. Rxf3 Rc1 44. Kg4 Rc3 45. Kf4 d3 46. Ke3 Rxb3 47. Kd2 Rb2+ 48. Kxd3 Kg6 49. Ke3 Rb3+ 50. Kf4 Rb4+ 51. Kg3 Kg5 52. Re3 Rg4+ 53. Kf3 Rf4+ 54. Ke2 Ra4 55. g3 Kg4 56. Re8 Kh3 57. Rf8 Kg2 58. Ke3 Rb4 59. Rf4 Rb8 60. Rf5 Re8+ 61. Kd3 Kh3 62. Rf4 Re7 63. Kd2 Re8 64. Rf3 Re7 65. Re3 Rf7 66. Ke2 Kg2 67. f4 Ra7 68. f5 Ra4 69. Re5 Ra3 70. Kd2 Rxg3 71. Re2+ Kf1 72. f6 Rf3 73. Re6 Kf2 74. Kc2 Rf5 75. Rd6 Ke3 76. Kc3 Kf4 77. Kc4 Kg5 78. Rd5 Rxd5 79. Kxd5 Kxf6 1/2-1/2


[Site "https://www.chess.com"]